AoeStats
← ☆寒星霞芒☆

Arena

508007592Analyzed
4v4 RM · 13d ago on Sep 20, 2026· 39m 13s· 8 players
Game mode
Random Map
Map size
Large (8 player)
Population
200
Speed
Normal
Resources
Standard
Victory
Conquest
Starting age
Dark Age
Ending age
Imperial Age
RankedLock teamsTeams togetherTeam positionsShared explorationLock speedFull tech treeHidden civsTurbo modeCheats
Victory
Defeat
🇺🇸 Celts · United States
1429
+12
🇩🇪 Mongols · Germany
1389
+13
🇺🇸 Jurchens · United States
1385
+14
🇨🇳 Vietnamese · China
1334
+16
🇨🇳 Vietnamese · China
1340
-14
🇨🇳 Chinese · China
1335
-14
🇨🇳 Jurchens · China
1297
-12
Mis
10:30 Feudal Age
12:19 Double-Bit Axe
14:35 Castle Age
12:25 Horse Collar
17:10 Heavy Plow
17:43 Bow Saw
20:12 Wheelbarrow
22:00 Hand Cart
22:15 Gold Mining
23:15 Loom
27:13 Imperial Age
24:59 Scale Mail Armor
25:15 Pikeman
26:12 Chain Mail Armor
27:15 Capped Ram
27:23 Halberdier
29:09 Forging
29:11 Siege Ram
33:15 Iron Casting
32:48 Treadmill Crane
34:09 Chemistry
33:00 Fletching
33:41 Plate Mail Armor
33:04 Fletching
36:02 Gold Shaft Mining
35:54 Siege Engineers
38:44 Blast Furnace
johnnyboy
10:20 Feudal Age
12:08 Loom
14:24 Castle Age
12:58 Padded Archer Armor
19:10 Double-Bit Axe
20:35 Horse Collar
21:46 Loom
33:38 Leather Archer Armor
37:27 Imperial Age
35:27 Heavy Plow
35:54 Bow Saw
37:30 Wheelbarrow
36:41 Town Watch
38:48 Ring Archer Armor
39:30 Thunderclap Bombs
闲置村民
10:56 Feudal Age
14:37 Castle Age
13:12 Double-Bit Axe
14:01 Horse Collar
15:33 Loom
23:54 Wheelbarrow
26:49 Bow Saw
27:10 Hand Cart
31:11 Imperial Age
30:32 Chatras
31:29 Scale Barding Armor
34:04 Chain Barding Armor
33:55 Forging
34:03 Husbandry
34:13 Bloodlines
37:03 Plate Barding Armor
35:50 Elite Battle Elephant
DerAbwurster
10:17 Feudal Age
15:04 Castle Age
13:20 Double-Bit Axe
14:03 Horse Collar
16:02 Loom
27:55 Imperial Age
26:28 Gold Mining
26:46 Stone Mining
27:07 Fletching
27:57 Bodkin Arrow
29:36 Bracer
31:12 Chemistry
30:41 Ballistics
30:38 Town Watch
32:02 Bloodlines
31:58 Husbandry
32:42 Conscription
33:12 Padded Archer Armor
34:42 Hoardings
35:16 Heavy Plow
35:44 Leather Archer Armor
35:52 Thumb Ring
36:41 Parthian Tactics
36:52 Elite Mangudai
38:53 Bow Saw
☆寒星霞芒☆
11:23 Feudal Age
12:01 Double-Bit Axe
12:20 Loom
14:54 Castle Age
13:22 Horse Collar
17:09 Bow Saw
21:21 Heavy Plow
23:28 Scale Barding Armor
24:31 Gold Mining
26:09 Forging
30:11 Wheelbarrow
31:45 Bloodlines
31:35 Husbandry
32:16 Gold Shaft Mining
34:23 Imperial Age
33:08 Forging
33:19 Chain Barding Armor
34:56 Iron Casting
35:18 Hand Cart
35:58 Plate Barding Armor
36:04 Elite Steppe Lancer
38:08 Blast Furnace
休眠玩家 精锐条顿骑士 一步杀十人
3:38 Loom
5:05 Loom
11:20 Feudal Age
15:03 Castle Age
13:06 Double-Bit Axe
13:17 Horse Collar
16:20 Bow Saw
16:11 Heavy Plow
22:35 Wheelbarrow
22:59 Squires
24:32 Town Watch
24:54 Gold Mining
26:58 Gold Shaft Mining
27:08 Scale Mail Armor
27:50 Forging
28:32 Chain Mail Armor
28:03 Arson
28:04 Gambesons
29:58 Iron Casting
33:58 Imperial Age
31:50 Hand Cart
34:04 Elite Fire Lancer
35:15 Plate Mail Armor
36:00 Fletching
icu monster
0:28 Loom
12:07 Feudal Age
13:04 Horse Collar
13:38 Double-Bit Axe
15:54 Castle Age
14:42 Gold Mining
17:13 Wheelbarrow
19:32 Gold Shaft Mining
18:58 Heavy Plow
19:55 Town Watch
25:44 Light Cavalry
26:25 Husbandry
27:21 Scale Barding Armor
29:08 Hand Cart
32:08 Imperial Age
32:00 Bloodlines
32:27 Chain Barding Armor
32:17 Forging
33:22 Bow Saw
32:41 Cavalier
34:57 Iron Casting
打咩哟~
10:58 Feudal Age
12:14 Loom
15:11 Castle Age
13:27 Horse Collar
13:56 Double-Bit Axe
21:11 Heavy Plow
23:58 Wheelbarrow
25:14 Bow Saw
25:12 Gold Mining
25:45 Padded Archer Armor
26:36 Hand Cart
27:42 Stone Mining
31:16 Imperial Age
28:33 Town Watch
31:00 Stone Shaft Mining
30:42 Chatras
31:00 Leather Archer Armor
30:35 Fletching
30:58 Forging
30:53 Scale Barding Armor
Connection lost

Rejoining the realm…

Still unreachable

The connection could not be restored.

Session expired

The server has moved on; the page needs a fresh start.